 Dungeon Crawl Stone Soup version 0.17.1-3-g152610e (webtiles) character file.

816 MrTails the Skirmisher (level 7, -22/44 HPs)
             Began as a Gargoyle Fighter on Feb 18, 2016.
             Annihilated by an ogre
             ... wielding a +0 giant spiked club
              (23 damage)
             ... on level 6 of the Dungeon.
             The game lasted 00:12:48 (4109 turns).

MrTails the Skirmisher (Gargoyle Fighter)           Turns: 4109, Time: 00:12:49

Health: -22/44     AC: 14    Str: 22    XL:     7   Next: 94%
Magic:  7/7        EV:  7    Int:  8    God:
Gold:   204        SH: 10    Dex:  9    Spells: 0 memorised, 6 levels left

rFire  . . .     SeeInvis .     a - +0 war axe
rCold  . . .     Clarity  .     b - +0 scale mail
rNeg   + . .     SustAt   .     c - +0 shield
rPois  ∞         Gourm    .     (no helmet)
rElec  +         Spirit   .     (no cloak)
rCorr  .         Warding  .     q - +0 pair of gloves
rMut   .         Stasis   .     x - +0 pair of boots
MR     .....                    (no amulet)
Stlth  ..........               (no ring)
                                (no ring)

@: not resistant to hostile enchantments, extremely unstealthy
A: negative energy resistance 1, electricity resistance, unbreathing,
petrification resistance, rot immunity, AC +4
a: no special abilities


You were on level 6 of the Dungeon.
You were full.

You visited 1 branch of the dungeon, and saw 6 of its levels.

You collected 204 gold pieces.

Inventory:

Hand Weapons
 a - a +0 war axe (weapon)
 y - a +0 broad axe
Armour
 b - a +0 scale mail (worn)
 c - a +0 shield (worn)
 q - a +0 pair of gloves (worn)
 x - a +0 pair of boots (worn)
Jewellery
 s - an uncursed amulet of regeneration {unknown}
Scrolls
 e - a scroll of teleportation {unknown}
 f - 2 scrolls of noise {unknown}
 g - 8 scrolls of identify {unknown}
 h - 2 scrolls of magic mapping {unknown}
 j - a scroll of amnesia {unknown}
 m - 3 scrolls of enchant armour {unknown}
 n - 3 scrolls of remove curse {unknown}
 o - a scroll of enchant weapon {unknown}
Potions
 d - 2 potions of might
 k - 2 potions of beneficial mutation {unknown}
 l - a potion of magic {unknown}
 r - 2 potions of ambrosia {unknown}
 t - a potion of mutation {unknown}
 u - a potion of cure mutation {unknown}
 w - a potion of haste {unknown}
Comestibles
 i - a meat ration
 p - 3 beef jerkies
 v - 2 bread rations
 z - 3 fruits


   Skills:
 + Level 5.3 Fighting
 * Level 5.2 Axes
 + Level 5.3 Armour
 + Level 5.2 Shields


You had 6 spell levels left.
You didn't know any spells.

Dungeon Overview and Level Annotations

Branches:
Dungeon (6/15)
 Temple: D:4-7

Altars:
Elyvilon
Fedhas
Nemelex Xobeh
Vehumet
Xom
Zin
The Shining One


Innate Abilities, Weirdness & Mutations

You are resistant to torment.
Your stone body is resilient (AC +4).
You are immune to poison.
You resist negative energy.
You are resistant to electric shocks.
You can survive without breathing.
You are immune to petrification.
You are immune to rotting.


Message History

You barely miss the orc.
The orc is moderately wounded.
Your shield and scale mail prevent you from hitting the orc warrior.
The orc warrior is lightly wounded.
You block the ogre's attack. The orc warrior completely misses you.
You block the orc's attack.
The orc priest hits you but does no damage.
Your shield and scale mail prevent you from hitting the ogre.
The ogre is almost dead.
You slash the orc!
You kill the orc!
You hit the orc warrior but do no damage.
The orc warrior is lightly wounded.
The orc warrior hits you with a long sword!
* * * LOW HITPOINT WARNING * * *
The orc priest calls upon Beogh to heal the orc warrior.
The orc warrior's wounds heal themselves!
The ogre hits you with a giant spiked club!!
Ouch! That really hurt!
You die...

.........###.#
######
............#...#
............#.###
..............#
.......?.<..###
...(........#
.......o....#
......oO....#
..?...)@....#
............#
............#
.......<....#
............#
............#
............#
...#...$...##
.###.......#


You could see an orc warrior, an ogre and an orc priest.

Vanquished Creatures
  The ghost of Xenophilius the Sneak, an amateur SpEn of Dithmenos (D:4)
  Duvessa (D:5)
  A sky beast (D:5)
  Dowan (D:5)
  A crimson imp (D:5)
  2 hounds
  An orc priest (D:4)
  2 worker ants
  Natasha (thrice) (D:2)
  8 adders
  2 oozes
  An adder zombie (D:2)
  A worm (D:4)
  3 adder skeletons
  2 giant geckos
  12 orcs
  A ball python (D:2)
  10 bats
  A bat skeleton (D:2)
  2 bat zombies (D:2)
  6 giant cockroaches
  7 goblins
  9 hobgoblins
  13 jackals
  8 kobolds
  3 quokkas
  A quokka skeleton (D:2)
  2 rats (D:2)
105 creatures vanquished.

Vanquished Creatures (others)
  A worm (D:3)
  A rat (D:2)
2 creatures vanquished.

Grand Total: 107 creatures vanquished

Notes
Turn   | Place    | Note
--------------------------------------------------------------
     0 | D:1      | MrTails the Gargoyle Fighter began the quest for the Orb.
     0 | D:1      | Reached XP level 1. HP: 14/14 MP: 1/1
   156 | D:1      | Reached XP level 2. HP: 19/19 MP: 2/2
   503 | D:2      | Reached XP level 3. HP: 22/24 MP: 3/3
   559 | D:2      | Noticed Natasha
   568 | D:2      | Killed Natasha
   614 | D:2      | Reached skill level 4 in Armour
   614 | D:2      | Reached XP level 4. HP: 26/29 MP: 4/4
  1006 | D:2      | Noticed Natasha
  1017 | D:2      | Killed Natasha
  1025 | D:2      | Noticed Natasha
  1029 | D:2      | Killed Natasha
  1092 | D:2      | Found a sparkling altar of Nemelex Xobeh.
  1110 | D:2      | Reached XP level 5. HP: 30/33 MP: 5/5
  1543 | D:2      | Found a glowing golden altar of the Shining One.
  1751 | D:3      | Noticed an ogre
  2250 | D:3      | Noticed an angel
  2250 | D:3      | Found a shimmering altar of Xom.
  2252 | D:3      | Found a glowing silver altar of Zin.
  2347 | D:4      | Noticed Xenophilius's ghost (amateur SpEn)
  2370 | D:4      | Reached XP level 6. HP: 28/38 MP: 6/6
  2668 | D:4      | Found a white marble altar of Elyvilon.
  2930 | D:4      | Killed Xenophilius's ghost
  2930 | D:4      | Reached XP level 7. HP: 33/44 MP: 7/7
  3255 | D:4      | Found a blossoming altar of Fedhas.
  3387 | D:5      | Entered Level 5 of the Dungeon
  3390 | D:5      | Noticed Duvessa
  3395 | D:5      | Noticed Dowan
  3410 | D:5      | Killed Duvessa
  3410 | D:5      | Reached skill level 5 in Armour
  3557 | D:5      | Killed Dowan
  3557 | D:5      | Reached skill level 5 in Shields
  3633 | D:5      | Reached skill level 5 in Fighting
  3756 | D:5      | Reached skill level 5 in Axes
  3895 | D:5      | Found a radiant altar of Vehumet.
  4109 | D:6      | HP: 1/44 [orc warrior/long sword (13)]
  4109 | D:6      | Annihilated by an ogre

Action                   |  1- 3 |  4- 6 |  7- 9 || total
-------------------------+-------+-------+-------++-------
Melee: War axe           |    99 |   387 |   102 ||   588
  Use: Potion            |       |     1 |       ||     1
  Eat: Chunk             |       |     5 |       ||     5
       Pizza             |       |     1 |       ||     1
       Bread ration      |       |     1 |       ||     1
       Meat ration       |       |       |     1 ||     1
